 Dungeon Crawl Stone Soup version 0.31-a0-271-gb88eb75e06 (webtiles) character file.

Game seed: 8000790267317171440

474 Maratek the Shooter (level 6, 0/14 HPs)
             Began as a Demigod Hunter on July 14, 2023.
             Killed by divine providence
             ... invoked by an orc priest
              (11 damage)
             ... on level 5 of the Dungeon.
             The game lasted 00:12:35 (3174 turns).

Maratek the Shooter (Demigod Hunter)                Turns: 3174, Time: 00:12:38

Health: 0/14       AC:  9    Str: 12      XL:     6   Next: 53%
Magic:  17/17      EV: 12    Int: 10 (11) God:
Gold:   151        SH:  0    Dex: 25      Spells: 5/5 levels left

rFire   . . .        e - +1 spear
rCold   + . .        r - orb {light}
rNeg    + + +        m - +0 ring mail
rPois   ∞            h - +2 helmet
rElec   .            (no cloak)
rCorr   .            c - +0 pair of gloves
SInv    .            (no boots)
Will    +....        p - amulet of regeneration
Stlth   +            j - ring of magical power
HPRegen 1.02/turn    (no ring)
MPRegen 0.15/turn

%: no passive effects
@: death-form, glowing
A: vile attack, torment immunity, no potions, reduced hp, high MP 1, forlorn,
divine attributes, talons 1, evolution 1, MP-powered wands
a: Siphon Essence, Begin Untransformation


You were on level 5 of the Dungeon.
You were an undying horror.
You visited 1 branch of the dungeon, and saw 5 of its levels.

You collected 151 gold pieces.

Inventory:

Hand Weapons
 e - a +1 spear (weapon)
Armour
 c - a +0 pair of gloves (worn)
 h - a +2 helmet (worn)
 m - a +0 ring mail (worn)
 r - an orb of light (worn)
Jewellery
 j - a ring of magical power (left hand)
 l - an amulet of guardian spirit
 p - an amulet of regeneration (around neck)
Talismans
 g - a talisman of death
Scrolls
 b - 2 scrolls of butterflies
 d - 2 scrolls of identify
 o - a scroll of fear {unknown}
 q - a scroll of enchant armour
Potions
 a - 4 potions of heal wounds (quivered) {unknown}
 f - a potion of haste {unknown}
 i - a potion of invisibility {unknown}
 k - a potion of ambrosia {unknown}
 n - a potion of brilliance {unknown}


   Skills:
 + Level 2.3 Fighting
 + Level 2.2 Polearms
 + Level 5.3 Ranged Weapons
 + Level 2.8 Armour
 + Level 2.3 Dodging
 + Level 1.1 Stealth
 + Level 1.5 Shapeshifting


You had 5 spell levels left.
You didn't know any spells.
Your spell library contained the following spells:

 Spells                   Type           Power      Damage    Failure   Level
 Apportation              Tloc           0%         N/A       63%         1
 Gell's Gravitas          Tloc           0%         N/A       94%         3
 Ignite Poison            Fire/Tmut/Pois 0%         N/A       94%         3
 Stone Arrow              Conj/Erth      0%         3d7       94%         3
 Teleport Other           Tloc           0%         N/A       94%         3
 Animate Armour           Summ/Erth      0%         N/A       100%        4
 Sticky Flame             Conj/Fire      0%         2d3       100%        4
 Alistair's Intoxication  Tmut/Pois      0%         N/A       100%        5
 Iskenderun's Battlesphe  Conj           0%         2d6       100%        5
 Dispersal                Tloc           0%         N/A       100%        6
 Leda's Unmaking          Conj/Erth      0%         9d1       100%        6
 Spellforged Servitor     Conj/Summ      0%         N/A       100%        7
 Ignition                 Fire           0%         3d3       100%        8
 Lehudib's Crystal Spear  Conj/Erth      0%         10d2      100%        8


Dungeon Overview and Level Annotations

Branches:
Dungeon (5/15)
 Temple: D:4-7

Shops:
D:3 (


Innate Abilities, Weirdness & Mutations

You are an undying horror.
Your melee and unarmed attacks drain, slow and weaken victims.
You are immune to unholy pain and torment.
You cannot drink.
Your maximum health is decreased, since you lack skill for your form.
You are immune to poison.
You have an increased reservoir of magic. (+10% MP)
You shall have no god before yourself.
Your divine heritage dramatically boosts your attributes as you level up.
You have sharp toenails.
You have hidden genetic potential.
You expend magic power (3 MP) to strengthen your wands.


Message History

You barely miss the orc priest. The orc priest barely misses you.
The orc priest hits you with a +0 flail.
The orc priest attacks as you move away!
The orc priest hits you but does no damage.
A phantom comes into view.
The orc priest attacks as you move away!
The orc priest hits you with a +0 flail.
You hit the phantom but do no damage. The orc misses you.
The phantom closely misses you. The orc priest barely misses you.
You hit the phantom.
The phantom decays.
The phantom is lightly damaged.
The orc closely misses you.
The orc priest hits you with a +0 flail.
You barely miss the phantom.
The phantom is lightly damaged.
The phantom barely misses you.
You hit the phantom.
The phantom decays.
The phantom is moderately damaged.
The orc hits you but does no damage. The orc priest barely misses you.
The phantom misses you.
You hit the phantom.
The phantom decays.
Your kick misses the phantom.
The phantom is moderately damaged.
The orc hits you with a +0 dagger.
The orc priest hits you with a +0 flail.
You hit the phantom.
The phantom decays.
The phantom is heavily damaged.
The orc barely misses you.
The orc priest miscasts a cantrip.
The phantom misses you.
You hit the phantom but do no damage.
The phantom is heavily damaged.
The orc hits you but does no damage. The orc priest barely misses you.
The phantom barely misses you.
You hit the phantom.
The phantom decays.
Your kick misses the phantom.
The phantom is severely damaged.
The orc closely misses you.
The orc priest mumbles some strange prayers to Beogh against you.
Beogh smites you!
Ouch! That really hurt!
You die...

# #..#
##.## #..#
......#..#
...o..#..#
.o.o...<.#
...#..#..#
##.#.o###
.


#oooo# ## ####z# #W# #.# #.# ... #.# ### You could see a phantom (slow, weak,
very drained), an orc priest, an orc wizard and 3 orcs.

Vanquished Creatures
  A water moccasin (D:5)
  2 scorpions (D:4)
  An orc priest (D:4)
  A sleepcap (D:5)
  2 iguanas
  8 adders
  A white imp (D:5)
  A dart slug (D:3)
  5 orcs
  2 ball pythons
  12 endoplasms
  3 giant cockroaches
  4 goblins
  5 hobgoblins
  9 kobolds
  6 quokkas
  A bat (D:1)
  2 frilled lizards (D:2)
  A rat (D:3)
67 creatures vanquished.

Notes
Turn   | Place    | Note
-------+----------+-------------------------------------------
     0 | D:1      | Maratek the Demigod Hunter began the quest for the Orb.
     0 | D:1      | Reached XP level 1. HP: 17/17 MP: 3/3
   188 | D:1      | Reached skill level 4 in Ranged Weapons
   193 | D:1      | Reached XP level 2. HP: 20/24 MP: 4/4
   504 | D:1      | Gained mutation: You have sharp toenails. [potion of
                  | mutation]
   504 | D:1      | Gained mutation: You expend magic power (3 MP) to
                  | strengthen your wands. [potion of mutation]
   504 | D:1      | Gained mutation: You have hidden genetic potential. [potion
                  | of mutation]
   803 | D:2      | Reached skill level 1 in Stealth
   866 | D:2      | Reached XP level 3. HP: 3/29 MP: 5/5
   897 | D:2      | Reached skill level 1 in Armour
  1218 | D:3      | Found Decipeak's Antique Weapon Shop.
  1924 | D:4      | Noticed a scorpion
  1938 | D:4      | Killed a scorpion
  1939 | D:4      | Reached skill level 5 in Ranged Weapons
  1939 | D:4      | Reached XP level 4. HP: 8/36 MP: 6/6
  2055 | D:4      | Reached XP level 5. HP: 12/41 MP: 7/7
  2551 | D:4      | Reached skill level 1 in Polearms
  2644 | D:4      | Reached skill level 1 in Shapeshifting
  2948 | D:5      | Entered Level 5 of the Dungeon
  2960 | D:5      | Reached XP level 6. HP: 14/48 MP: 8/8
  2981 | D:5      | Noticed a water moccasin
  3019 | D:5      | Killed a water moccasin
  3174 | D:5      | Killed from afar by an orc priest

Illustrated notes

Levels and vault maps discovered:
D:1:      ldierk_walled_garden_2, layout_basic, corexii_item_surrounded_by_moat
D:2:      layout_basic, uniq_robin
D:3:      layout_loops_ring, nicolae_uskayaw_murder_on_the_dancefloor,
          serial_shops, nicolae_shop_waterfront
D:4:      layout_basic, general_overflow_altar, st_stairs_8
D:5:      layout_basic, mainiacjoe_overflow_six_doors_small,
          minmay_temple_entry_from_below_a, amcnicky_mini_pool_small,
          minmay_misc_feat_more_columns

Skill      XL: |  1  2  3  4  5  6 |
---------------+-------------------+-----
Ranged Weapons | 4 5 |  5.3
Stealth        | 1 |  1.1
Armour         | 1 2 |  2.8
Fighting       | 2 |  2.3
Dodging        | 2 |  2.3
Polearms       | 1 2 |  2.2
Shapeshifting  | 1 |  1.5

Action                     |  1- 3 |  4- 6 || total
---------------------------+-------+-------++-------
  Melee: Spear             |    37 |   150 ||   187
         Kick              |    12 |    53 ||    65
         Punch             |     2 |     1 ||     3
   Fire: Shortbow          |    93 |       ||    93
    Use: Scroll            |     5 |     1 ||     6
         Potion            |     2 |       ||     2
 Armour: Leather armour    |    24 |       ||    24
         Ring mail         |       |    54 ||    54
  Dodge: Dodged            |    55 |    95 ||   150
   Form: Death             |     1 |       ||     1

Table legend: (Time is in decaauts)
 A = Elapsed time spent in this place.
 B = Non-inter-level travel time spent in this place.
 C = Inter-level travel time spent in this place.
 D = Time resting spent in this place.
 E = Time spent auto-exploring this place.
 F = Levels seen in this place.
 G = Mean time per level.
                   A        B        C        D        E       F      G
               +--------+--------+--------+--------+--------+-----+--------+
         Total |   3205 |   3205 |      0 |      0 |   2221 |   5 |  641.0 |
       Dungeon |   3205 |   3205 |      0 |      0 |   2221 |   5 |  641.0 |
               +--------+--------+--------+--------+--------+-----+--------+

Top non-repeatable levels by time:
     D:4: 1058 daAuts
     D:1: 780 daAuts
     D:3: 751 daAuts
     D:2: 388 daAuts
     D:5: 226 daAuts
